 Dungeon Crawl Stone Soup version 0.28.0-45-g0d030f2227 (webtiles) character file.

Game seed: 5710910150672225258

442 zeratav the Insei (level 7, -2/46 HPs)
             Began as an Octopode Transmuter on Apr 11, 2022.
             Slain by an ufetubus (4 damage)
             ... summoned by Eustachio
             ... on level 4 of the Dungeon.
             The game lasted 00:05:25 (3720 turns).

zeratav the Insei (Octopode Transmuter)             Turns: 3720, Time: 00:05:26

Health: -2/46      AC:  0    Str:  9      XL:     7   Next: 2%
Magic:  4/10       EV: 21    Int: 16      God:
Gold:   143        SH:  0    Dex: 17 (19) Spells: 6/10 levels left

rFire   . . .      SeeInvis .     - Unarmed
rCold   . . .      Faith    .   (shield currently unavailable)
rNeg    . . .      Spirit   .   (helmet currently unavailable)
rPois   .          Reflect  .   (no amulet)
rElec   .          Harm     .   (ring currently unavailable)
rCorr   .          Rampage  .   (ring currently unavailable)
Will    .....                   (ring currently unavailable)
Stlth   +++.......              (ring currently unavailable)
HPRegen 0.15/turn               (ring currently unavailable)
MPRegen 0.12/turn               (ring currently unavailable)
                                (ring currently unavailable)
                                (ring currently unavailable)

@: bat-form, flying, very slightly contaminated, very quick
A: fast, flying, no casting, almost no armour, (amphibious), (8 rings), tiny,
(camouflage 1), (gelatinous body 1), (nimble swimmer 1), (tentacles)
a: no special abilities


You were on level 4 of the Dungeon.
You were a bat.
You visited 1 branch of the dungeon, and saw 4 of its levels.

You collected 143 gold pieces.


Innate Abilities, Weirdness & Mutations

You are a bat.
You are tiny and dextrous.
You move quickly.
You are flying.
Your equipment is almost entirely melded.
You are incapable of wielding weapons or throwing items.
You cannot cast spells.
You cannot wear most types of armour.
((You are amphibious.))
((You can wear up to eight rings at the same time.))
((Your skin changes colour to match your surroundings (Stealth+).))
((Your rubbery body absorbs attacks. (AC +1, EV +1)))
((You are camouflaged when in or above water. (Stealth+)))
((You have tentacles for arms and can constrict up to eight enemies at once.))


   Skills:
 + Level 3.1 Fighting
 + Level 3.6 Dodging
 + Level 4.1 Stealth
 * Level 5.3 Unarmed Combat
 - Level 2.0 Spellcasting
 - Level 2.0 Transmutations


You had 6 spell levels left.
You knew the following spells:

 Your Spells              Type           Power      Damage    Failure   Level
a - Beastly Appendage     Tmut           16%        N/A       9%          1
b - Spider Form           Tmut/Pois      4%         N/A       38%         3

Your spell library contained the following spells:

 Spells                   Type           Power      Damage    Failure   Level
 Wereblood                Tmut           8%         N/A       14%         2
 Ice Form                 Ice/Tmut       4%         N/A       80%         4

Inventory:

Missiles
 b - 5 atropa-tipped darts {throwing}
Scrolls
 d - a scroll of blinking {unknown}
 e - a scroll of identify {unknown}
 g - a scroll of enchant armour {unknown}
 h - a scroll of fog {unknown}
 i - 2 scrolls of amnesia {unknown}
 j - a scroll of vulnerability {unknown}
 k - 2 scrolls of fear {unknown}
Potions
 a - a potion of cancellation {unknown}
 c - a potion of attraction {unknown}
 f - a potion of flight {unknown}
 l - a potion of mutation {unknown}
 m - a potion of curing {unknown}

Dungeon Overview and Level Annotations

Branches:
Dungeon (4/15)
 Temple: D:4-7

Altars:
Nemelex Xobeh
Wu Jian
The Shining One

Annotations:
D:4 Eustachio, Sigmund

.###.........................####
####)...................######
###....................##
.##..................###
...................###
##................##
##.............bb##############
#...........###.b....(.......###
#..........### #b5...............
#.#######..# #@5...........####
### ####..# ##.5.###########
...###....## #...## ..........#
##..## @.........# #..##
...r......####..#
...r...rr.......#
....######......##


You could see Eustachio, a quasit (summoned), a white imp (summoned), an
ufetubus (summoned) and 3 bats.


Message History

The bat hits you but does no damage. The bat barely misses you.
The quokka bites you.
HP[-2]
You take 2 damage, and now have 39/46 hp.
You tentacle-slap the quokka. You grab the quokka.
You constrict the quokka, but do no damage.
The bat barely misses you.
Eustachio gestures wildly while chanting.
The quokka barely misses you.
You tentacle-slap the quokka.
You kill the quokka!
The quokka's corpse disappears in a puff of smoke!
The bat barely misses you.
You barely miss the rat. Your grab misses the rat.
Your tentacle-slap misses the rat.
You squeeze the rat.
You kill the rat!
The rat's corpse disappears in a puff of smoke!
The bat hits you but does no damage.
You barely miss the white imp. You grab the white imp.
You constrict the white imp. The bat closely misses you.
The white imp gestures at you. The puff of frost hits you!
Eustachio casts a spell.
HP[-7]
You take 7 damage, and now have 32/46 hp.
You barely miss the white imp.
You constrict the white imp, but do no damage.
The bat barely misses you. The bat hits you but does no damage.
The white imp gestures at you. The puff of frost hits you.
Eustachio mumbles some strange words.
HP[-6]
You take 6 damage, and now have 26/46 hp.
You barely miss the white imp.
You constrict the white imp, but do no damage.
The bat barely misses you. The bat hits you. The bat barely misses you.
The white imp misses you. The white imp hits you.
* * * LOW HITPOINT WARNING * * *
The white imp freezes you.
* * * LOW HITPOINT WARNING * * *
HP[-6]
You take 6 damage, and now have 20/46 hp.
Casting: Spider Form (quite dangerous; 38% risk of failure)
Confirm with . or Enter, or press ? or * to list all spells.
The spell is quite dangerous to miscast (38% risk of failure)!
Continue anyway?
You miscast Spider Form.
You are very lightly contaminated with residual magic.
Nothing appears to happen.
You constrict the white imp. The bat hits you.
* * * LOW HITPOINT WARNING * * *
The bat barely misses you. The bat hits you but does no damage.
The white imp barely misses you. The white imp hits you.
* * * LOW HITPOINT WARNING * * *
The white imp freezes you.
* * * LOW HITPOINT WARNING * * *
HP[-7] MP[-3]
You take 7 damage, and now have 13/46 hp.
You lost 3 mp, and now have 7/10 mp.
Casting: Spider Form (quite dangerous; 38% risk of failure)
Confirm with . or Enter, or press ? or * to list all spells.
The spell is quite dangerous to miscast (38% risk of failure)!
Continue anyway?
You turn into a venomous arachnid creature.
You lose your grip on the white imp.
The bat completely misses you. The bat hits you but does no damage.
The bat misses you. The bat completely misses you. The white imp hits you.
* * * LOW HITPOINT WARNING * * *
The white imp freezes you.
* * * LOW HITPOINT WARNING * * *
The white imp misses you.
HP[-5] MP[-3]
You take 5 damage, and now have 8/46 hp.
You lost 3 mp, and now have 4/10 mp.
You hit the white imp but do no damage. The bat misses you.
The bat barely misses you.
The white imp hits you but does no damage.
The white imp closely misses you.
You hit the white imp. The bat misses you. The bat completely misses you.
The bat misses you.
Eustachio casts a spell.
The white imp barely misses you. The white imp gestures at you.
The puff of frost misses you.
You hit the white imp.
The white imp is poisoned.
Your transformation is almost over.
You kill the white imp!
The white imp disappears in a puff of smoke! x2
The bat closely misses you. x2; The bat completely misses you.
Eustachio zaps a wand.
Your transformation has ended.
You turn into a bat.
The bat completely misses you. The bat closely misses you.
The ufetubus completely misses you. The ufetubus barely misses you.
Eustachio brags, "I can call spirits from the vasty deep."
Eustachio barely misses you. The bat misses you.
You hit Eustachio but do no damage. The bat barely misses you.
The bat hits you.
* * * LOW HITPOINT WARNING * * *
The ufetubus hits you.
* * * LOW HITPOINT WARNING * * *
The ufetubus hits you.
You die...

Skill      XL: |  1  2  3  4  5  6 |
---------------+-------------------+-----
Stealth        | 1 3 4 |  4.1
Fighting       | 2 3 |  3.1
Unarmed Combat | 4 5 |  5.3
Dodging        | 3 |  3.6
Spellcasting   | |  2.0
Transmutations | |  2.0

Action                   |  1- 3 |  4- 6 |  7- 9 || total
-------------------------+-------+-------+-------++-------
Melee: Unarmed           |    59 |    38 |    15 ||   112
       Kick              |    15 |    11 |       ||    26
       Constrict         |    14 |     7 |     3 ||    24
       Tentacles         |    12 |     7 |     1 ||    20
       Punch             |       |     2 |       ||     2
 Cast: Beastly Appendage |    26 |     6 |       ||    32
       Spider Form       |       |     1 |     1 ||     2
 Stab: Sleeping          |     7 |     1 |       ||     8
Armor: Skin              |     5 |     3 |    10 ||    18
Dodge: Dodged            |    20 |    19 |    52 ||    91

Levels and vault maps discovered:
D:1:      ebering_hopf_link, layout_basic, ebering_ecumenical_altar_petrified,
          nicolae_figureground_pulse
D:2:      layout_loops_ring, hangedman_decor_diamond_cutter
D:3:      layout_basic, nzn_wu_jian_contemplation
D:4:      layout_layer_cave, lemuel_doored_altar, lemuel_crystal_altar,
          ebering_ghost_disaster_area, uniq_eustachio, uniq_sigmund,
          uniq_grinder

Notes
Turn   | Place    | Note
-------+----------+-------------------------------------------
     0 | D:1      | zeratav the Octopode Transmuter began the quest for the
                  | Orb.
     0 | D:1      | Reached XP level 1. HP: 13/13 MP: 3/3
     0 | D:1      | magus.rc [v1.9.6]
   176 | D:1      | Found a faded altar of an unknown god.
   442 | D:1      | Reached XP level 2. HP: 14/18 MP: 3/5
   648 | D:1      | Reached skill level 1 in Stealth
  1080 | D:2      | You fall into a shaft and drop 1 floor!
  1151 | D:3      | Found an ornate altar of the Wu Jian Council.
  1446 | D:3      | Reached XP level 3. HP: 23/23 MP: 4/6
  2643 | D:2      | Reached XP level 4. HP: 29/29 MP: 5/7
  2692 | D:2      | Reached skill level 2 in Stealth
  2778 | D:4      | Noticed Grinder
  2788 | D:4      | Reached skill level 2 in Fighting
  2788 | D:4      | Reached skill level 4 in Unarmed Combat
  2793 | D:4      | Noticed a necrophage
  2805 | D:4      | Learned a level 3 spell: Spider Form
  2810 | D:4      | Killed a necrophage
  2811 | D:4      | Reached skill level 3 in Dodging
  2811 | D:4      | Reached skill level 3 in Stealth
  2811 | D:4      | Reached XP level 5. HP: 21/35 MP: 6/8
  3173 | D:4      | Reached XP level 6. HP: 26/41 MP: 7/9
  3321 | D:4      | Found a glowing golden altar of the Shining One.
  3370 | D:4      | Noticed Sigmund
  3453 | D:4      | Killed Grinder
  3454 | D:4      | Reached skill level 3 in Fighting
  3454 | D:4      | Reached skill level 4 in Stealth
  3454 | D:4      | Reached skill level 5 in Unarmed Combat
  3454 | D:4      | Reached XP level 7. HP: 18/46 MP: 7/10
  3685 | D:4      | Noticed Eustachio
  3692 | D:4      | Found a sparkling altar of Nemelex Xobeh.
  3715 | D:4      | HP: 10/46 [white imp[Eustachio] (3)]
  3720 | D:4      | HP: 7/46 [bat[Eustachio] (1)]
  3720 | D:4      | HP: 2/46 [ufetubus[Eustachio] (5)]
  3720 | D:4      | Slain by an ufetubus

Vanquished Creatures
  Grinder (D:4)
  A necrophage (D:4)
  A water moccasin skeleton (D:4)
  2 bullfrog skeletons (D:4)
  2 adders (D:2)
  An ufetubus (D:4)
  2 worms (D:2)
  A dart slug (D:1)
  An orc (D:3)
  6 endoplasms
  4 giant cockroaches
  4 goblins
  2 hobgoblins
  2 kobolds (D:2)
  3 ball pythons
  2 bats
  2 frilled lizards
  2 rats
39 creatures vanquished.

Table legend:
 A = Non-vault XP
 B = Vault XP
 C = Vault XP percentage of total XP
 D = Non-vault monster count
 E = Vault monster count
 F = Vault count percentage of total count
                 A         B        C        D         E       F
            +---------+---------+-------+---------+---------+-------
      Total |     370 |     262 |  41.5 |      38 |       1 |   2.6
            +---------+---------+-------+---------+---------+-------
        D:1 |      22 |       0 |   0.0 |      11 |       0 |   0.0
        D:2 |      52 |       0 |   0.0 |      13 |       0 |   0.0
        D:3 |      10 |       0 |   0.0 |       6 |       0 |   0.0
        D:4 |     286 |     262 |  47.8 |       8 |       1 |  11.1
            +---------+---------+-------+---------+---------+-------

Illustrated notes

Table legend:
 A = Kills in this place as a percentage of kills in entire the game.
 B = Kills by you in this place as a percentage of kills by you in the entire game.
 C = Kills by friends in this place as a percentage of kills by friends in the entire game.
 D = Other kills in this place as a percentage of other kills in the entire game.
 E = Experience gained in this place as a percentage of experience gained in the entire game.
 F = Experience gained in this place divided by the number of levels of this place that you have seen.
                   A       B       C       D       E      F
               +-------+-------+-------+-------+-------+----------------------
         Total | 100.0 | 100.0 |   N/A |   N/A | 100.0 | 158.0
       Dungeon | 100.0 | 100.0 |   N/A |   N/A | 100.0 | 158.0
               +-------+-------+-------+-------+-------+----------------------

Table legend: (Time is in decaauts)
 A = Elapsed time spent in this place.
 B = Non-inter-level travel time spent in this place.
 C = Inter-level travel time spent in this place.
 D = Time resting spent in this place.
 E = Time spent auto-exploring this place.
 F = Levels seen in this place.
 G = Mean time per level.
                   A        B        C        D        E       F      G
               +--------+--------+--------+--------+--------+-----+--------+
         Total |   3712 |   3558 |    154 |    488 |   2470 |   4 |  928.0 |
       Dungeon |   3712 |   3558 |    154 |    488 |   2470 |   4 |  928.0 |
               +--------+--------+--------+--------+--------+-----+--------+

Top non-repeatable levels by time:
     D:1: 1016 daAuts
     D:4: 981 daAuts
     D:3: 911 daAuts
     D:2: 801 daAuts
